[Event "88th Tata Steel Masters 2026"]
[White "Erdogmus,Yagiz Kaan"]
[Black "Fedoseev,Vladimir"]
[Site "Wijk aan Zee"]
[Round "12.7"]
[Annotator "TA"]
[Result "1-0"]
[Date "2026.01.31"]
[WhiteElo "2658"]
[BlackElo "2705"]
[PlyCount "75"]
[TimeControl "60"]

1. e4 e5 2. Nf3 Nf6 3. Nxe5 d6 4. Nf3 Nxe4 5. d4 d5 6. Bd3 Bd6 7. O-O O-O 8. c4 c6 9. Re1 Re8 10. Qb3 {[%emt 0:0:0] C42: Petroff Defence: 3 Nxe5 and unusual White 3rd moves.} Na6 11. a3 $5 {[%emt 0:14:14][%mdl 4] A sharp opening A promising side line.} ({Better is} 11. c5 $14 Bc7 12. Nc3 )h6 $146 (11... Bg4 $11 )({Predecessor:} 11... Bg4 12. Nbd2 Nxd2 13. Bxd2 Bxf3 14. Rxe8+ Qxe8 15. Qxb7 Nc7 16. gxf3 Rb8 17. Qxa7 Rxb2 18. c5 Bxh2+ 19. Kxh2 Rxd2 20. Qxc7 Rxd3 21. Re1 Qa8 22. Qd7 Kf8 23. Qe7+ {1-0 Yuan,Q (2341)-Esipenko,A (2691) Titled Tuesday intern op 11th Mar Early blitz 2025 (2)} )12. Nbd2 (12. cxd5 $14 cxd5 13. Nc3 Nxc3 14. Rxe8+ Qxe8 15. bxc3 )Nf6 (12... Bf5 $11 13. Qxb7 Qb6 14. Qxb6 axb6 )13. Rxe8+ $14 Qxe8 14. c5 Bc7 15. Nf1 Nb8 16. Ng3 Ne4 17. Nh5 Bd8 (17... Na6 $14 {feels stronger.} )18. Bf4 $16 {[%emt 0:2:53] Black is now going downhill.} g5 (18... f5 $142 )19. Bc7 {[%emt 0:2:11] White is much more active. The black rooks are passive.} Bxc7 20. Bxe4 Nd7 {[%emt 0:4:6] Prevents Nf6+} (20... Qd8 $16 )21. Bf5 $18 Qd8 22. Re1 Kh8 (22... Kf8 {was called for.} 23. h4 Nxc5 24. dxc5 Bxf5 )23. Qe3 Nf8 24. Ne5 Qe7 25. Bxc8 Rxc8 26. Qh3 Re8 27. Ng3 (27. Ng6+ fxg6 28. Rxe7 Rxe7 $16 )Kh7 28. Nf5 $1 {[%emt 0:2:0][%csl Ye7,Yh6] A dynamic duo of knights.} Qe6 {[%emt 0:4:32] [#]} (28... Qf6 29. Nxh6 Kg7 )29. Re3 Qf6 30. Nxh6 Qxh6 31. Qf5+ Ng6 32. Qxf7+ Qg7 33. Qxe8 Bxe5 34. Rh3+ Nh4 35. dxe5 Kh6 36. g3 Qh7 37. Qe6+ Kh5 38. g4# {[%emt 0:0:34] Weighted Error Value: White=0.13 (very precise) /Black=1.06   Mistake:       	White=2     	Black=7      OK:         	White=1     	Black=3      Best:        	White=1     	---} 1-0